Connexion

Wild vs Admirals

Created - 9 novembre 2023 at 05:51

Goals
1 2 3 T
Wild 2 1 0 3
Admirals 1 1 3 5
Shots
1 2 3 T
Wild 24 11 4 39
Admirals 14 13 13 40

GoalsPenalties
1st period
1. Admirals , Kristians Rubins 7 (Oskar Steen 10, Paul Thompson 18) at 0:19
2. Wild , Anders Bjork 9 (Dillon Simpson 13, Ben Gleason 34) at 6:55
3. Wild , Lukas Jasek 7 (Kasper Bjorkqvist 14, Scott Walford 6) at 15:47
Joseph Cramarossa (MIL) for Hooking (Minor) at 10:39
2nd period
4. Wild , Tanner Pearson 13 (Anthony Louis 22) at 3:54
5. Admirals , Oskar Steen 6 (Garrett Wilson 18, Paul Thompson 19) at 4:24
No Penalty
3rd period
6. Admirals , Joseph Cramarossa 15 (William Bitten 10) at 4:08
7. Admirals , Kevin Stenlund 18 (Joseph Cramarossa 12, Nick Ebert 15) at 5:18
8. Admirals , Garrett Wilson 14 (Kristians Rubins 22, Mike Reilly 17) at 18:24 (PP)
Ben Gleason (IOW) for Holding (Minor) at 15:04
Maxime Lagace (IOW) for Slashing (Minor) at 17:24 - Jeremy Gregoire served the penalty.
Joseph Cramarossa (MIL) for Tripping (Minor) at 19:22
Goalie Stats
Maxime Lagace (IOW), 35 saves from 40 shots - (0,875), L, 20-8-0, 60:00 minutes
Michael Houser (MIL), 36 saves from 39 shots - (0,923), W, 8-11-1, 60:00 minutes
3 StarsOfficial
1 - Kristians Rubins (MIL)
2 - Kevin Stenlund (MIL)
3 - Garrett Wilson (MIL)
Referees : Rob Shick and Greg Kimmerly
Linesman : Dan Schachte and Brad Kovachik
Game Note
No Game Note
Finance
Level 1 -- Attendance: 2000 (100,00%) -- Ticket Income 70 000 $
Level 2 -- Attendance: 982 (98,20%) -- Ticket Income 14 730 $
Total Attendance: 2982 (99,40%)
Total Ticket Income: 84 730 $
Other Income: 16 946 $
Total Income: 101 676 $



Team Name Goals Shots Shots Attemp Shots Blocked PIM HIT PP PK FO%
Wild 3398174210 / 2 (0%)157%
Admirals 5407694291 / 2 (50%)043%

Wild
Player Name POS G A P +/- PIM HIT SHT SB MP PP MP PP SHT PK MP PK SHT FO% FOT
Anders BjorkLW/RW101-1005020:251:3101:38025% 4
Anthony LouisC/LW011-1006019:211:3100:34064% 22
Antti SuomelaC000000000:000:0000:0000% 0
Ben GleasonD011-1240122:081:4200:2000% 0
Ben ThomasD0000001120:480:5401:3000% 0
Danick MartelC/LW000000103:200:0000:00057% 7
Dillon SimpsonD011-1030123:261:4201:3700% 0
Eemeli RasanenD0000011117:030:0001:0900% 0
Jalen ChatfieldD0000032220:400:5411:2200% 0
Jeremy GregoireC/LW/RW0000042019:051:0500:000100% 1
Joseph GambardellaC/LW0000001019:531:0500:48054% 24
Kasper BjorkqvistLW/RW0110013015:490:0000:0000% 0
Lukas JasekC/RW1010013015:490:0000:00063% 16
Michael MerschLW/RW0000003016:530:0001:04050% 2
Ryan KuffnerLW000000003:200:0000:0000% 0
Scott WalfordD0110001115:540:0000:0000% 0
Tanner PearsonLW101-1014024:011:3111:54043% 7
Taylor RaddyshRW0000036019:051:0510:00075% 4
Admirals
Player Name POS G A P +/- PIM HIT SHT SB MP PP MP PP SHT PK MP PK SHT FO% FOT
Anthony FlorentinoD0000020015:270:0000:0000% 0
CJ SuessLW0000000012:530:0000:000100% 1
David KampfC/RW0000013012:530:0000:0000% 0
Garrett PilonC000000207:020:0000:00050% 10
Garrett WilsonLW112-1036022:431:0121:54040% 10
Jeremy RoyD0000010115:350:0000:0000% 0
John QuennevilleC0000052012:530:0000:00032% 19
Joseph CramarossaC/LW1122435016:381:5810:0000% 0
Kevin StenlundC1012033117:221:5800:42047% 17
Kristians RubinsD1121063124:011:0111:1700% 0
Mike ReillyD0111001124:091:0101:1700% 0
Mitchell MorozLW000000007:020:0000:0000% 1
Nick EbertD0110002120:241:5811:1900% 0
Niko MikkolaD0000010320:241:5801:1900% 0
Oskar SteenC112-1014022:431:0101:54046% 24
Paul ThompsonRW022-1015121:311:0100:42125% 4
Vincent PraplanC/RW000002207:020:0000:0000% 0
William BittenRW0112002016:401:5800:000100% 1



Play-by-Play

1st period


0:01 of 1st period - Oskar Steen wins face-off versus Anthony Louis in neutral zone.
0:17 of 1st period - Shot by Oskar Steen.
0:17 of 1st period - Stopped by Maxime Lagace with a rebound.
0:19 of 1st period - Shot by Kristians Rubins.
0:19 of 1st period - Goal by Kristians Rubins - Wild : 0 - Admirals : 1.
0:20 of 1st period - Jeremy Gregoire wins face-off versus Kevin Stenlund in neutral zone.
0:39 of 1st period - William Bitten is hit by Taylor Raddysh and loses puck.
0:47 of 1st period - Taylor Raddysh is hit by Niko Mikkola and loses puck.
1:13 of 1st period - Off-side.
1:14 of 1st period - Lukas Jasek wins face-off versus Oskar Steen in neutral zone.
1:19 of 1st period - Shot by Kasper Bjorkqvist.
1:19 of 1st period - Shot Blocked by Kristians Rubins.
1:24 of 1st period - Michael Mersch is hit by Kristians Rubins and loses puck.
1:29 of 1st period - Shot by Eemeli Rasanen.
1:29 of 1st period - Stopped by Michael Houser without a rebound.
1:30 of 1st period - Anthony Louis wins face-off versus John Quenneville in Admirals zone.
1:33 of 1st period - Shot by Tanner Pearson.
1:33 of 1st period - Stopped by Michael Houser without a rebound.
1:34 of 1st period - Anthony Louis wins face-off versus Garrett Pilon in Admirals zone.
1:41 of 1st period - Shot by Anthony Louis.
1:41 of 1st period - Stopped by Michael Houser without a rebound.
1:42 of 1st period - Danick Martel wins face-off versus John Quenneville in Admirals zone.
1:55 of 1st period - Ben Gleason is hit by John Quenneville and loses puck.
2:06 of 1st period - Shot by David Kampf.
2:06 of 1st period - Stopped by Maxime Lagace without a rebound.
2:07 of 1st period - Oskar Steen wins face-off versus Lukas Jasek in Wild zone.
2:07 of 1st period - Paul Thompson is hit by Eemeli Rasanen and loses puck.
2:26 of 1st period - Shot by Garrett Wilson.
2:26 of 1st period - Stopped by Maxime Lagace without a rebound.
2:27 of 1st period - Anthony Louis wins face-off versus Garrett Pilon in Wild zone.
2:27 of 1st period - Anthony Louis is hit by Vincent Praplan.
3:49 of 1st period - Shot by Joseph Gambardella.
3:49 of 1st period - Deflect By Taylor Raddysh.
3:49 of 1st period - Stopped by Michael Houser with a rebound.
3:51 of 1st period - Shot by Taylor Raddysh.
3:51 of 1st period - Stopped by Michael Houser without a rebound.
3:52 of 1st period - Michael Mersch wins face-off versus Kevin Stenlund in Admirals zone.
3:52 of 1st period - Lukas Jasek is hit by Anthony Florentino and loses puck.
3:55 of 1st period - Shot by Lukas Jasek.
3:55 of 1st period - Shot Misses the Net.
4:11 of 1st period - Shot by Kasper Bjorkqvist.
4:11 of 1st period - Stopped by Michael Houser without a rebound.
4:12 of 1st period - Danick Martel wins face-off versus John Quenneville in Admirals zone.
4:13 of 1st period - Shot by Tanner Pearson.
4:13 of 1st period - Shot Misses the Net.
4:17 of 1st period - Shot by Tanner Pearson.
4:17 of 1st period - Shot Misses the Net.
5:23 of 1st period - Shot by Lukas Jasek.
5:23 of 1st period - Stopped by Michael Houser with a rebound.
5:25 of 1st period - Shot by Lukas Jasek.
5:25 of 1st period - Shot Misses the Net.
5:27 of 1st period - Shot by Michael Mersch.
5:27 of 1st period - Shot Misses the Net.
5:35 of 1st period - Shot by Lukas Jasek.
5:35 of 1st period - Shot Misses the Net.
5:37 of 1st period - Shot by Kasper Bjorkqvist.
5:37 of 1st period - Deflect By Lukas Jasek.
5:37 of 1st period - Stopped by Michael Houser with a rebound.
5:41 of 1st period - Shot by Michael Mersch.
5:41 of 1st period - Stopped by Michael Houser with a rebound.
5:53 of 1st period - Shot by Taylor Raddysh.
5:53 of 1st period - Stopped by Michael Houser without a rebound.
5:54 of 1st period - Garrett Wilson wins face-off versus Joseph Gambardella in Admirals zone.
6:35 of 1st period - Shot by Jeremy Gregoire.
6:35 of 1st period - Shot Blocked by Jeremy Roy.
6:53 of 1st period - Shot by Anders Bjork.
6:53 of 1st period - Stopped by Michael Houser with a rebound.
6:55 of 1st period - Shot by Anders Bjork.
6:55 of 1st period - Goal by Anders Bjork - Wild : 1 - Admirals : 1.
6:56 of 1st period - Lukas Jasek wins face-off versus Kevin Stenlund in neutral zone.
7:31 of 1st period - Shot by Kevin Stenlund.
7:31 of 1st period - Shot Misses the Net.
7:33 of 1st period - Shot by Joseph Cramarossa.
7:33 of 1st period - Shot Misses the Net.
7:49 of 1st period - Icing by Garrett Pilon.
7:50 of 1st period - Anthony Louis wins face-off versus Garrett Pilon in Admirals zone.
7:55 of 1st period - Shot by Tanner Pearson.
7:55 of 1st period - Shot Misses the Net.
8:03 of 1st period - Shot by Garrett Pilon.
8:03 of 1st period - Shot Misses the Net.
8:07 of 1st period - Shot by Garrett Pilon.
8:07 of 1st period - Stopped by Maxime Lagace with a rebound.
8:09 of 1st period - Shot by Mike Reilly.
8:09 of 1st period - Shot Blocked by Ben Gleason.
8:11 of 1st period - Shot by Vincent Praplan.
8:11 of 1st period - Stopped by Maxime Lagace with a rebound.
8:15 of 1st period - Shot by Mike Reilly.
8:15 of 1st period - Shot Misses the Net.
8:17 of 1st period - Shot by Mike Reilly.
8:17 of 1st period - Stopped by Maxime Lagace with a rebound.
8:33 of 1st period - Shot by Oskar Steen.
8:33 of 1st period - Stopped by Maxime Lagace without a rebound.
8:34 of 1st period - Joseph Gambardella wins face-off versus John Quenneville in Wild zone.
8:55 of 1st period - Shot by David Kampf.
8:55 of 1st period - Shot Misses the Net.
9:03 of 1st period - Shot by Taylor Raddysh.
9:03 of 1st period - Shot Misses the Net.
9:05 of 1st period - Shot by Jalen Chatfield.
9:05 of 1st period - Stopped by Michael Houser without a rebound.
9:06 of 1st period - Lukas Jasek wins face-off versus Oskar Steen in Admirals zone.
9:21 of 1st period - Shot by Paul Thompson.
9:21 of 1st period - Stopped by Maxime Lagace without a rebound.
9:22 of 1st period - William Bitten wins face-off versus Anthony Louis in Wild zone.
9:50 of 1st period - Off-side.
9:51 of 1st period - Joseph Gambardella wins face-off versus Garrett Wilson in neutral zone.
9:54 of 1st period - Shot by Taylor Raddysh.
9:54 of 1st period - Stopped by Michael Houser without a rebound.
9:55 of 1st period - Oskar Steen wins face-off versus Joseph Gambardella in Admirals zone.
9:55 of 1st period - Oskar Steen is hit by Jeremy Gregoire.
10:00 of 1st period - Paul Thompson is hit by Jalen Chatfield and loses puck.
10:13 of 1st period - Shot by Jeremy Gregoire.
10:13 of 1st period - Stopped by Michael Houser with a rebound.
10:23 of 1st period - Shot by Garrett Wilson.
10:23 of 1st period - Stopped by Maxime Lagace without a rebound.
10:24 of 1st period - Anthony Louis wins face-off versus Kevin Stenlund in Wild zone.
10:24 of 1st period - Tanner Pearson is hit by Kevin Stenlund and loses puck.
10:39 of 1st period - Minor Penalty to Joseph Cramarossa for Hooking.
10:40 of 1st period - Joseph Gambardella wins face-off versus Garrett Wilson in Admirals zone.
11:05 of 1st period - Shot by Joseph Gambardella.
11:05 of 1st period - Shot Misses the Net.
11:07 of 1st period - Shot by Joseph Gambardella.
11:07 of 1st period - Shot Misses the Net.
11:09 of 1st period - Shot by Joseph Gambardella.
11:09 of 1st period - Deflect By Taylor Raddysh.
11:09 of 1st period - Shot Blocked by Niko Mikkola.
11:11 of 1st period - Shot by Taylor Raddysh.
11:11 of 1st period - Stopped by Michael Houser without a rebound.
11:12 of 1st period - Anthony Louis wins face-off versus Garrett Wilson in Admirals zone.
11:25 of 1st period - Shot by Jalen Chatfield.
11:25 of 1st period - Stopped by Michael Houser without a rebound.
11:26 of 1st period - Paul Thompson wins face-off versus Anthony Louis in Admirals zone.
12:05 of 1st period - Shot by Paul Thompson.
12:05 of 1st period - Stopped by Maxime Lagace without a rebound.
12:06 of 1st period - Joseph Gambardella wins face-off versus Paul Thompson in Wild zone.
12:06 of 1st period - Joseph Gambardella is hit by Paul Thompson.
12:18 of 1st period - Icing by Joseph Gambardella.
12:19 of 1st period - Joseph Gambardella wins face-off versus Garrett Wilson in Wild zone.
12:19 of 1st period - Joseph Gambardella is hit by Garrett Wilson.
12:45 of 1st period - Shot by Lukas Jasek.
12:45 of 1st period - Shot Misses the Net.
13:16 of 1st period - Shot by Kevin Stenlund.
13:16 of 1st period - Shot Misses the Net.
13:44 of 1st period - Shot by Tanner Pearson.
13:44 of 1st period - Shot Misses the Net.
13:58 of 1st period - Shot by Anthony Louis.
13:58 of 1st period - Stopped by Michael Houser without a rebound.
13:59 of 1st period - Garrett Pilon wins face-off versus Joseph Gambardella in Admirals zone.
13:59 of 1st period - Garrett Pilon is hit by Jeremy Gregoire.
14:40 of 1st period - Jalen Chatfield is hit by Vincent Praplan and loses puck.
15:03 of 1st period - Shot by Anthony Louis.
15:03 of 1st period - Stopped by Michael Houser without a rebound.
15:04 of 1st period - Kevin Stenlund wins face-off versus Anthony Louis in Admirals zone.
15:21 of 1st period - Anthony Florentino is hit by Dillon Simpson and loses puck.
15:28 of 1st period - Shot by Tanner Pearson.
15:28 of 1st period - Shot Blocked by Kevin Stenlund.
15:30 of 1st period - Shot by Tanner Pearson.
15:30 of 1st period - Stopped by Michael Houser without a rebound.
15:31 of 1st period - Lukas Jasek wins face-off versus Oskar Steen in Admirals zone.
15:45 of 1st period - Shot by Kasper Bjorkqvist.
15:45 of 1st period - Shot Misses the Net.
15:47 of 1st period - Shot by Lukas Jasek.
15:47 of 1st period - Goal by Lukas Jasek - Wild : 2 - Admirals : 1.
15:48 of 1st period - Danick Martel wins face-off versus John Quenneville in neutral zone.
15:48 of 1st period - Dillon Simpson is hit by David Kampf and loses puck.
15:56 of 1st period - John Quenneville is hit by Ben Gleason and loses puck.
16:01 of 1st period - Shot by Kristians Rubins.
16:01 of 1st period - Stopped by Maxime Lagace without a rebound.
16:02 of 1st period - Joseph Gambardella wins face-off versus Oskar Steen in Wild zone.
16:20 of 1st period - Shot by Garrett Wilson.
16:20 of 1st period - Shot Misses the Net.
16:58 of 1st period - Jalen Chatfield is hit by Kristians Rubins and loses puck.
17:09 of 1st period - Tanner Pearson is hit by Joseph Cramarossa and loses puck.
17:24 of 1st period - Shot by Kevin Stenlund.
17:24 of 1st period - Shot Misses the Net.
17:37 of 1st period - Off-side.
17:38 of 1st period - Lukas Jasek wins face-off versus John Quenneville in neutral zone.
17:46 of 1st period - Shot by Lukas Jasek.
17:46 of 1st period - Shot Misses the Net.
17:56 of 1st period - Shot by Michael Mersch.
17:56 of 1st period - Stopped by Michael Houser without a rebound.
17:57 of 1st period - Oskar Steen wins face-off versus Danick Martel in Admirals zone.
18:18 of 1st period - Shot by Garrett Wilson.
18:18 of 1st period - Shot Hit the Post.
18:20 of 1st period - Shot by Oskar Steen.
18:20 of 1st period - Shot Misses the Net.
18:22 of 1st period - Shot by Paul Thompson.
18:22 of 1st period - Stopped by Maxime Lagace without a rebound.
18:23 of 1st period - John Quenneville wins face-off versus Lukas Jasek in Wild zone.
18:24 of 1st period - Shot by David Kampf.
18:24 of 1st period - Stopped by Maxime Lagace with a rebound.
18:31 of 1st period - Shot by Michael Mersch.
18:31 of 1st period - Shot Misses the Net.
18:39 of 1st period - Shot by Ben Thomas.
18:39 of 1st period - Shot Misses the Net.
19:29 of 1st period - Shot by Anthony Louis.
19:29 of 1st period - Shot Misses the Net.
19:31 of 1st period - Shot by Anders Bjork.
19:31 of 1st period - Stopped by Michael Houser without a rebound.
19:32 of 1st period - Kevin Stenlund wins face-off versus Joseph Gambardella in Admirals zone.
19:32 of 1st period - Kevin Stenlund is hit by Taylor Raddysh.
19:39 of 1st period - Nick Ebert is hit by Jeremy Gregoire and loses puck.
19:46 of 1st period - Shot by Jeremy Gregoire.
19:46 of 1st period - Stopped by Michael Houser without a rebound.
19:47 of 1st period - Anthony Louis wins face-off versus Garrett Wilson in Admirals zone.
Goals for this period are 2 for Wild vs 1 for Admirals.
Shots for this period are 24 for Wild vs 14 for Admirals.

2nd period


0:01 of 2nd period - Anthony Louis wins face-off versus Paul Thompson in neutral zone.
0:40 of 2nd period - Shot by Tanner Pearson.
0:40 of 2nd period - Shot Misses the Net.
1:17 of 2nd period - William Bitten is hit by Jeremy Gregoire and loses puck.
2:24 of 2nd period - Icing by Scott Walford.
2:25 of 2nd period - John Quenneville wins face-off versus Lukas Jasek in Wild zone.
3:07 of 2nd period - Icing by Mike Reilly.
3:08 of 2nd period - Joseph Gambardella wins face-off versus John Quenneville in Admirals zone.
3:31 of 2nd period - Shot by Joseph Gambardella.
3:31 of 2nd period - Shot Blocked by Paul Thompson.
3:33 of 2nd period - Shot by Joseph Gambardella.
3:33 of 2nd period - Shot Misses the Net.
3:35 of 2nd period - Shot by Taylor Raddysh.
3:35 of 2nd period - Stopped by Michael Houser without a rebound.
3:36 of 2nd period - Anthony Louis wins face-off versus Kevin Stenlund in Admirals zone.
3:39 of 2nd period - Shot by Anthony Louis.
3:39 of 2nd period - Stopped by Michael Houser without a rebound.
3:40 of 2nd period - Garrett Wilson wins face-off versus Anthony Louis in Admirals zone.
3:52 of 2nd period - Shot by Tanner Pearson.
3:52 of 2nd period - Shot Blocked by Niko Mikkola.
3:54 of 2nd period - Shot by Tanner Pearson.
3:54 of 2nd period - Goal by Tanner Pearson - Wild : 3 - Admirals : 1.
3:55 of 2nd period - Kevin Stenlund wins face-off versus Joseph Gambardella in neutral zone.
3:58 of 2nd period - Jeremy Gregoire is hit by Kevin Stenlund and loses puck.
4:06 of 2nd period - Shot by Joseph Cramarossa.
4:06 of 2nd period - Stopped by Maxime Lagace without a rebound.
4:07 of 2nd period - Oskar Steen wins face-off versus Anthony Louis in Wild zone.
4:24 of 2nd period - Shot by Oskar Steen.
4:24 of 2nd period - Goal by Oskar Steen - Wild : 3 - Admirals : 2.
4:25 of 2nd period - Joseph Gambardella wins face-off versus Kevin Stenlund in neutral zone.
5:28 of 2nd period - Garrett Wilson is hit by Taylor Raddysh and loses puck.
5:53 of 2nd period - Shot by Paul Thompson.
5:53 of 2nd period - Stopped by Maxime Lagace without a rebound.
5:54 of 2nd period - Garrett Pilon wins face-off versus Lukas Jasek in Wild zone.
5:57 of 2nd period - Shot by Vincent Praplan.
5:57 of 2nd period - Shot Misses the Net.
6:21 of 2nd period - Shot by Scott Walford.
6:21 of 2nd period - Stopped by Michael Houser without a rebound.
6:22 of 2nd period - Anders Bjork wins face-off versus John Quenneville in Admirals zone.
6:35 of 2nd period - Shot by Tanner Pearson.
6:35 of 2nd period - Deflect By Anders Bjork.
6:35 of 2nd period - Shot Misses the Net.
6:45 of 2nd period - Shot by Tanner Pearson.
6:45 of 2nd period - Shot Misses the Net.
6:47 of 2nd period - Shot by Anders Bjork.
6:47 of 2nd period - Stopped by Michael Houser with a rebound.
6:49 of 2nd period - Shot by Tanner Pearson.
6:49 of 2nd period - Shot Misses the Net.
6:59 of 2nd period - Shot by Tanner Pearson.
6:59 of 2nd period - Shot Misses the Net.
7:01 of 2nd period - Shot by Ben Thomas.
7:01 of 2nd period - Shot Misses the Net.
7:03 of 2nd period - Shot by Ben Thomas.
7:03 of 2nd period - Stopped by Michael Houser without a rebound.
7:04 of 2nd period - Oskar Steen wins face-off versus Lukas Jasek in Admirals zone.
7:04 of 2nd period - Nick Ebert is hit by Kasper Bjorkqvist and loses puck.
7:13 of 2nd period - Shot by Paul Thompson.
7:13 of 2nd period - Shot Misses the Net.
7:48 of 2nd period - Icing by Scott Walford.
7:49 of 2nd period - Lukas Jasek wins face-off versus Kevin Stenlund in Wild zone.
8:07 of 2nd period - Kevin Stenlund is hit by Ben Gleason and loses puck.
8:18 of 2nd period - Shot by William Bitten.
8:18 of 2nd period - Stopped by Maxime Lagace without a rebound.
8:19 of 2nd period - Taylor Raddysh wins face-off versus Garrett Pilon in Wild zone.
8:52 of 2nd period - Shot by Garrett Pilon.
8:52 of 2nd period - Deflect By Vincent Praplan.
8:52 of 2nd period - Stopped by Maxime Lagace without a rebound.
8:53 of 2nd period - Anthony Louis wins face-off versus Oskar Steen in Wild zone.
8:53 of 2nd period - Anthony Louis is hit by Oskar Steen.
9:01 of 2nd period - Shot by Anthony Louis.
9:01 of 2nd period - Shot Blocked by Nick Ebert.
9:03 of 2nd period - Shot by Anthony Louis.
9:03 of 2nd period - Stopped by Michael Houser with a rebound.
10:17 of 2nd period - Shot by Joseph Cramarossa.
10:17 of 2nd period - Stopped by Maxime Lagace without a rebound.
10:18 of 2nd period - John Quenneville wins face-off versus Joseph Gambardella in Wild zone.
10:19 of 2nd period - Shot by David Kampf.
10:19 of 2nd period - Stopped by Maxime Lagace without a rebound.
10:20 of 2nd period - CJ Suess wins face-off versus Joseph Gambardella in Wild zone.
11:13 of 2nd period - Icing by Kristians Rubins.
11:14 of 2nd period - Anthony Louis wins face-off versus Kevin Stenlund in Admirals zone.
11:14 of 2nd period - Anthony Louis is hit by Kristians Rubins.
11:30 of 2nd period - Anders Bjork is hit by Joseph Cramarossa and loses puck.
11:54 of 2nd period - Icing by Dillon Simpson.
11:55 of 2nd period - Oskar Steen wins face-off versus Anders Bjork in Wild zone.
11:55 of 2nd period - Garrett Wilson is hit by Dillon Simpson and loses puck.
12:01 of 2nd period - Paul Thompson is hit by Ben Gleason and loses puck.
12:09 of 2nd period - Oskar Steen is hit by Dillon Simpson and loses puck.
12:24 of 2nd period - Shot by Paul Thompson.
12:24 of 2nd period - Stopped by Maxime Lagace with a rebound.
12:26 of 2nd period - Shot by Oskar Steen.
12:26 of 2nd period - Stopped by Maxime Lagace without a rebound.
12:27 of 2nd period - Joseph Gambardella wins face-off versus John Quenneville in Wild zone.
12:27 of 2nd period - Joseph Gambardella is hit by John Quenneville.
12:34 of 2nd period - Icing by Ben Thomas.
12:35 of 2nd period - Kevin Stenlund wins face-off versus Joseph Gambardella in Wild zone.
12:45 of 2nd period - Joseph Gambardella is hit by Kristians Rubins.
13:01 of 2nd period - Shot by Kevin Stenlund.
13:01 of 2nd period - Shot Blocked by Ben Thomas.
13:35 of 2nd period - Shot by Paul Thompson.
13:35 of 2nd period - Shot Blocked by Jalen Chatfield.
14:22 of 2nd period - Scott Walford is hit by John Quenneville and loses puck.
14:28 of 2nd period - Icing by Scott Walford.
14:29 of 2nd period - Garrett Pilon wins face-off versus Lukas Jasek in Wild zone.
14:34 of 2nd period - Shot by Garrett Pilon.
14:34 of 2nd period - Shot Misses the Net.
15:21 of 2nd period - Joseph Cramarossa is hit by Tanner Pearson and loses puck.
15:46 of 2nd period - Shot by Kevin Stenlund.
15:46 of 2nd period - Stopped by Maxime Lagace with a rebound.
15:48 of 2nd period - Shot by Kevin Stenlund.
15:48 of 2nd period - Stopped by Maxime Lagace without a rebound.
15:49 of 2nd period - Taylor Raddysh wins face-off versus Oskar Steen in Wild zone.
15:49 of 2nd period - Taylor Raddysh is hit by Garrett Wilson.
15:55 of 2nd period - Shot by Garrett Wilson.
15:55 of 2nd period - Stopped by Maxime Lagace without a rebound.
15:56 of 2nd period - Taylor Raddysh wins face-off versus Oskar Steen in Wild zone.
16:06 of 2nd period - Icing by Nick Ebert.
16:07 of 2nd period - Lukas Jasek wins face-off versus Oskar Steen in Admirals zone.
17:08 of 2nd period - Ben Gleason is hit by Kevin Stenlund and loses puck.
17:18 of 2nd period - Anders Bjork is hit by Kristians Rubins.
18:15 of 2nd period - Icing by Jalen Chatfield.
18:16 of 2nd period - Joseph Gambardella wins face-off versus Garrett Pilon in Wild zone.
18:33 of 2nd period - Shot by Joseph Gambardella.
18:33 of 2nd period - Stopped by Michael Houser without a rebound.
18:34 of 2nd period - Lukas Jasek wins face-off versus Oskar Steen in Admirals zone.
18:43 of 2nd period - Shot by Michael Mersch.
18:43 of 2nd period - Stopped by Michael Houser with a rebound.
18:51 of 2nd period - Shot by Kasper Bjorkqvist.
18:51 of 2nd period - Stopped by Michael Houser with a rebound.
18:59 of 2nd period - Shot by Jeremy Roy.
18:59 of 2nd period - Shot Blocked by Eemeli Rasanen.
19:01 of 2nd period - Shot by Garrett Wilson.
19:01 of 2nd period - Shot Misses the Net.
19:03 of 2nd period - Shot by Oskar Steen.
19:03 of 2nd period - Shot Misses the Net.
19:05 of 2nd period - Shot by Garrett Wilson.
19:05 of 2nd period - Stopped by Maxime Lagace with a rebound.
19:07 of 2nd period - Shot by Garrett Wilson.
19:07 of 2nd period - Shot Misses the Net.
19:41 of 2nd period - Shot by Anthony Louis.
19:41 of 2nd period - Stopped by Michael Houser with a rebound.
19:43 of 2nd period - Shot by Tanner Pearson.
19:43 of 2nd period - Shot Misses the Net.
19:45 of 2nd period - Shot by Anders Bjork.
19:45 of 2nd period - Shot Misses the Net.
Goals for this period are 1 for Wild vs 1 for Admirals.
Shots for this period are 11 for Wild vs 13 for Admirals.

3rd period


0:01 of 3rd period - Oskar Steen wins face-off versus Anthony Louis in neutral zone.
0:04 of 3rd period - Shot by Oskar Steen.
0:04 of 3rd period - Shot Misses the Net.
0:06 of 3rd period - Shot by Oskar Steen.
0:06 of 3rd period - Shot Blocked by Dillon Simpson.
0:42 of 3rd period - Ben Gleason is hit by Kristians Rubins and loses puck.
1:23 of 3rd period - Ben Thomas is hit by Joseph Cramarossa and loses puck.
1:28 of 3rd period - Shot by Joseph Cramarossa.
1:28 of 3rd period - Stopped by Maxime Lagace without a rebound.
1:29 of 3rd period - John Quenneville wins face-off versus Michael Mersch in Wild zone.
2:00 of 3rd period - Shot by Kasper Bjorkqvist.
2:00 of 3rd period - Stopped by Michael Houser with a rebound.
2:31 of 3rd period - Icing by Mitchell Moroz.
2:32 of 3rd period - Joseph Gambardella wins face-off versus Mitchell Moroz in Admirals zone.
3:03 of 3rd period - Shot by Joseph Gambardella.
3:03 of 3rd period - Shot Misses the Net.
4:08 of 3rd period - Shot by Joseph Cramarossa.
4:08 of 3rd period - Goal by Joseph Cramarossa - Wild : 3 - Admirals : 3.
4:09 of 3rd period - Lukas Jasek wins face-off versus John Quenneville in neutral zone.
4:09 of 3rd period - Lukas Jasek is hit by John Quenneville.
4:12 of 3rd period - Kasper Bjorkqvist is hit by Anthony Florentino.
4:18 of 3rd period - Lukas Jasek is hit by John Quenneville and loses puck.
4:32 of 3rd period - Michael Mersch is hit by Jeremy Roy and loses puck.
5:16 of 3rd period - Shot by Joseph Cramarossa.
5:16 of 3rd period - Shot Blocked by Scott Walford.
5:18 of 3rd period - Shot by Kevin Stenlund.
5:18 of 3rd period - Goal by Kevin Stenlund - Wild : 3 - Admirals : 4.
5:19 of 3rd period - Oskar Steen wins face-off versus Anthony Louis in neutral zone.
5:24 of 3rd period - Shot by Paul Thompson.
5:24 of 3rd period - Shot Misses the Net.
6:15 of 3rd period - Off-side.
6:16 of 3rd period - Joseph Gambardella wins face-off versus John Quenneville in neutral zone.
6:30 of 3rd period - Shot by Joseph Gambardella.
6:30 of 3rd period - Shot Misses the Net.
7:07 of 3rd period - Icing by CJ Suess.
7:08 of 3rd period - John Quenneville wins face-off versus Danick Martel in Admirals zone.
7:29 of 3rd period - Shot by Danick Martel.
7:29 of 3rd period - Stopped by Michael Houser without a rebound.
7:30 of 3rd period - Lukas Jasek wins face-off versus Paul Thompson in Admirals zone.
7:46 of 3rd period - Shot by Kasper Bjorkqvist.
7:46 of 3rd period - Shot Misses the Net.
8:12 of 3rd period - Shot by Lukas Jasek.
8:12 of 3rd period - Shot Misses the Net.
8:43 of 3rd period - Icing by Garrett Wilson.
8:44 of 3rd period - Anthony Louis wins face-off versus Oskar Steen in Admirals zone.
8:53 of 3rd period - Shot by Anthony Louis.
8:53 of 3rd period - Deflect By Tanner Pearson.
8:53 of 3rd period - Shot Blocked by Mike Reilly.
8:55 of 3rd period - Shot by Anthony Louis.
8:55 of 3rd period - Shot Misses the Net.
8:57 of 3rd period - Shot by Anders Bjork.
8:57 of 3rd period - Stopped by Michael Houser without a rebound.
8:58 of 3rd period - Kevin Stenlund wins face-off versus Danick Martel in Admirals zone.
9:41 of 3rd period - Icing by Jalen Chatfield.
9:42 of 3rd period - Danick Martel wins face-off versus John Quenneville in Wild zone.
10:05 of 3rd period - Shot by Joseph Gambardella.
10:05 of 3rd period - Shot Misses the Net.
10:15 of 3rd period - Shot by John Quenneville.
10:15 of 3rd period - Stopped by Maxime Lagace with a rebound.
10:19 of 3rd period - Shot by CJ Suess.
10:19 of 3rd period - Shot Misses the Net.
10:24 of 3rd period - Icing by Dillon Simpson.
10:25 of 3rd period - Garrett Pilon wins face-off versus Joseph Gambardella in Wild zone.
10:36 of 3rd period - Shot by Garrett Pilon.
10:36 of 3rd period - Shot Misses the Net.
11:25 of 3rd period - Oskar Steen is hit by Lukas Jasek and loses puck.
12:01 of 3rd period - Icing by Paul Thompson.
12:02 of 3rd period - Anthony Louis wins face-off versus Oskar Steen in Admirals zone.
12:29 of 3rd period - Shot by William Bitten.
12:29 of 3rd period - Shot Blocked by Jalen Chatfield.
12:31 of 3rd period - Shot by William Bitten.
12:31 of 3rd period - Stopped by Maxime Lagace without a rebound.
12:32 of 3rd period - Joseph Gambardella wins face-off versus John Quenneville in Wild zone.
13:03 of 3rd period - Shot by Joseph Gambardella.
13:03 of 3rd period - Shot Blocked by Niko Mikkola.
13:49 of 3rd period - Joseph Cramarossa is hit by Jalen Chatfield and loses puck.
14:08 of 3rd period - Icing by Ben Thomas.
14:09 of 3rd period - Garrett Wilson wins face-off versus Anders Bjork in Wild zone.
14:24 of 3rd period - Shot by Paul Thompson.
14:24 of 3rd period - Shot Misses the Net.
15:03 of 3rd period - Shot by Nick Ebert.
15:03 of 3rd period - Stopped by Maxime Lagace without a rebound.
15:04 of 3rd period - John Quenneville wins face-off versus Taylor Raddysh in Wild zone.
15:04 of 3rd period - Minor Penalty to Ben Gleason for Holding.
15:05 of 3rd period - Tanner Pearson wins face-off versus Kevin Stenlund in Wild zone.
15:25 of 3rd period - Shot by Joseph Cramarossa.
15:25 of 3rd period - Stopped by Maxime Lagace without a rebound.
15:26 of 3rd period - Tanner Pearson wins face-off versus Oskar Steen in Wild zone.
15:26 of 3rd period - Tanner Pearson is hit by Garrett Wilson.
15:42 of 3rd period - Shot by Kristians Rubins.
15:42 of 3rd period - Stopped by Maxime Lagace with a rebound.
15:44 of 3rd period - Shot by Garrett Wilson.
15:44 of 3rd period - Stopped by Maxime Lagace without a rebound.
15:45 of 3rd period - Kevin Stenlund wins face-off versus Tanner Pearson in Wild zone.
15:57 of 3rd period - Icing by Niko Mikkola.
15:58 of 3rd period - Kevin Stenlund wins face-off versus Tanner Pearson in Admirals zone.
16:35 of 3rd period - Shot by Nick Ebert.
16:35 of 3rd period - Stopped by Maxime Lagace without a rebound.
16:36 of 3rd period - Oskar Steen wins face-off versus Tanner Pearson in Wild zone.
16:36 of 3rd period - Paul Thompson is hit by Jalen Chatfield and loses puck.
17:09 of 3rd period - David Kampf is hit by Ben Gleason and loses puck.
17:20 of 3rd period - Shot by David Kampf.
17:20 of 3rd period - Shot Misses the Net.
17:22 of 3rd period - Shot by CJ Suess.
17:22 of 3rd period - Shot Misses the Net.
17:24 of 3rd period - Shot by John Quenneville.
17:24 of 3rd period - Stopped by Maxime Lagace without a rebound.
17:24 of 3rd period - Minor Penalty to Maxime Lagace for Slashing.
17:25 of 3rd period - Kevin Stenlund wins face-off versus Tanner Pearson in Wild zone.
17:59 of 3rd period - Shot by Kevin Stenlund.
17:59 of 3rd period - Shot Misses the Net.
18:10 of 3rd period - Off-side.
18:11 of 3rd period - Tanner Pearson wins face-off versus Oskar Steen in neutral zone.
18:24 of 3rd period - Shot by Garrett Wilson.
18:24 of 3rd period - Goal by Garrett Wilson - Wild : 3 - Admirals : 5.
18:25 of 3rd period - Garrett Pilon wins face-off versus Joseph Gambardella in neutral zone.
18:31 of 3rd period - Shot by Garrett Pilon.
18:31 of 3rd period - Stopped by Maxime Lagace without a rebound.
18:32 of 3rd period - Oskar Steen wins face-off versus Joseph Gambardella in Wild zone.
18:43 of 3rd period - Shot by Garrett Wilson.
18:43 of 3rd period - Shot Misses the Net.
18:45 of 3rd period - Shot by Paul Thompson.
18:45 of 3rd period - Deflect By Oskar Steen.
18:45 of 3rd period - Shot Misses the Net.
18:47 of 3rd period - Shot by Mike Reilly.
18:47 of 3rd period - Shot Misses the Net.
18:49 of 3rd period - Shot by Garrett Wilson.
18:49 of 3rd period - Shot Misses the Net.
18:51 of 3rd period - Shot by Garrett Wilson.
18:51 of 3rd period - Shot Misses the Net.
19:22 of 3rd period - Minor Penalty to Joseph Cramarossa for Tripping.
19:23 of 3rd period - Anthony Louis wins face-off versus Garrett Wilson in Admirals zone.
19:24 of 3rd period - Shot by Anders Bjork.
19:24 of 3rd period - Shot Misses the Net.
19:26 of 3rd period - Shot by Tanner Pearson.
19:26 of 3rd period - Stopped by Michael Houser without a rebound.
19:27 of 3rd period - Garrett Wilson wins face-off versus Anders Bjork in Admirals zone.
Goals for this period are 0 for Wild vs 3 for Admirals.
Shots for this period are 4 for Wild vs 13 for Admirals.